 Dungeon Crawl Stone Soup version 0.27-a0-1597-ge58577e147 (webtiles) character file.

Game seed: 12787771735642407039

56 Housten the Gusty (level 4, -2/30 HPs)
             Began as a Human Air Elementalist on July 21, 2021.
             Shot with an arrow by a centaur (7 damage)
             ... on level 3 of the Dungeon.
             The game lasted 00:13:44 (2518 turns).

Housten the Gusty (Human Air Elementalist)          Turns: 2518, Time: 00:13:45

Health: -2/30      AC:  2    Str:  9    XL:     4   Next: 17%
Magic:  7/7        EV: 12    Int: 16    God:
Gold:   112        SH:  0    Dex: 13    Spells: 5/8 levels left

rFire    . . .     SeeInvis .   e - +0 short sword
rCold    . . .     Faith    .   (no shield)
rNeg     . . .     Spirit   .   a - +0 robe
rPois    .         Reflect  .   (no helmet)
rElec    .         Harm     .   (no cloak)
rCorr    .         Rampage  .   (no gloves)
Will     .....                  (no boots)
Stlth    ++........             (no amulet)
HPRegen  0.10/turn              b - ring of wizardry
MPRegen  0.10/turn              (no ring)

@: no status effects
A: no striking features
a: no special abilities


You were on level 3 of the Dungeon.
You visited 1 branch of the dungeon, and saw 3 of its levels.

You collected 112 gold pieces.

Inventory:

Hand Weapons
 e - a +0 short sword (weapon)
Missiles
 d - 4 sling bullets
 f - 53 stones (quivered)
Armour
 a - a +0 robe (worn)
 m - a +0 leather armour
Jewellery
 b - a ring of wizardry (left hand)
Scrolls
 g - 2 scrolls of teleportation {unknown}
 h - 2 scrolls of identify {unknown}
 i - a scroll of amnesia {unknown}
 k - 2 scrolls of brand weapon {unknown}
 p - a scroll of enchant weapon {unknown}
Potions
 c - a potion of brilliance {unknown}
 j - a potion of might {unknown}
 l - a potion of cancellation {unknown}
 n - a potion of mutation {unknown}
 o - a potion of attraction {unknown}


   Skills:
 - Level 2.0 Dodging
 - Level 2.0 Stealth
 + Level 2.5 Spellcasting
 * Level 2.6 Conjurations
 + Level 3.4 Air Magic


You had 5 spell levels left.
You knew the following spells:

 Your Spells              Type           Power      Damage    Failure   Level
a - Shock                 Conj/Air       44%        1d5       2%          1
b - Static Discharge      Conj/Air       11%        N/A       3%          2

Your spell library contained the following spells:

 Spells                   Type           Power      Damage    Failure   Level
 Swiftness                Air            13%        N/A       6%          3
 Airstrike                Air            6%         N/A       19%         4


Dungeon Overview and Level Annotations

Branches:
Dungeon (3/15)

Altars:


Message History

You see here a hobgoblin corpse.
Found a fizzy coppery potion.
n - a fizzy coppery potion A rat comes into view.
Casting: Shock (safe; 2% risk of failure)
Confirm with . or Enter, or press ? or * to list all spells.
The rat is struck by an arc of lightning.
You kill the rat!
You are struck by an arc of lightning.
The lightning grounds out.
Unknown command.
Casting: Static Discharge (safe; 3% risk of failure)
Confirm with . or Enter, or press ? or * to list all spells.
You can't see any susceptible monsters within range! (Use Z to cast anyway.)
Found a grey potion.
Found a stone staircase leading up.
o - a grey potion A centaur comes into view.
Press: ? - help, v - describe, . - travel
Here: a centaur, quivering arrows (asleep)
The floor.
Found 14 gold pieces.
You now have 102 gold pieces (gained 14).
Found 10 gold pieces.
You now have 112 gold pieces (gained 10).
Found a scroll labelled OTYOFO RUOVVIST.
p - a scroll labelled OTYOFO RUOVVIST
Found a stone staircase leading down.
There is a stone staircase leading down here.
The centaur shouts!
The centaur wields a +0 shortbow of freezing.
It is covered in frost.
The centaur shoots an arrow.
The arrow hits you! The arrow freezes you.
The centaur shoots an arrow.
The arrow barely misses you.
The centaur shoots an arrow.
The arrow closely misses you.
The centaur shoots an arrow.
The arrow hits you!
* * * LOW HITPOINT WARNING * * *
The arrow freezes you.
* * * LOW HITPOINT WARNING * * *
The centaur shoots an arrow.
The arrow hits you!
You die...

#.# #.# #.....# #.# #.#
#####.## #.# #.# ##...## #.#
#.# ####.....##. #.# #.#
#.......c... #.# #.#
#.##.....#..
######.###.#########.###<..##..
#................c...# ##.## .
#.############@#####.# #.# #.#
#.# #.####.. #.# #.# #.##.....
#.# #.# #.##.#.... #.# #.#
#.##.#.# #.# #.# #.##.#.# #.#
#.# ##.##.#.# #.# ###.#
##...#.#.##### #.# #...#
#.............


You could see a centaur.

Vanquished Creatures
  An adder (D:2)
  2 dart slugs (D:1)
  5 ball pythons
  5 endoplasms
  4 giant cockroaches
  A goblin (D:2)
  7 hobgoblins
  5 kobolds
  A quokka (D:2)
  4 bats
  A rat (D:3)
36 creatures vanquished.

Notes
Turn   | Place    | Note
-------+----------+-------------------------------------------
     0 | D:1      | Housten the Human Air Elementalist began the quest for the
                  | Orb.
     0 | D:1      | Reached XP level 1. HP: 13/13 MP: 3/3
   364 | D:1      | Reached XP level 2. HP: 18/19 MP: 0/5
   787 | D:1      | Learned a level 2 spell: Static Discharge
   840 | D:1      | Reached XP level 3. HP: 24/24 MP: 2/6
  1780 | D:2      | Reached XP level 4. HP: 30/30 MP: 1/7
  2363 | D:3      | Noticed a centaur
  2518 | D:3      | Shot with an arrow by a centaur

Illustrated notes

Levels and vault maps discovered:
D:1:      lemuel_arrival_broad_hall, layout_basic,
          chequers_serial_rivers_micro_c
D:2:      layout_loops_ring, minmay_misc_feat_room, serial_bayou_crossing
D:3:      layout_loops_ring, chequers_arboretum

Skill      XL: |  1  2 |
---------------+-------+-----
Conjurations   | 2 |  2.6
Dodging        | |  2.0
Stealth        | |  2.0
Spellcasting   | |  2.5
Air Magic      | |  3.4

Action                   |  1- 3 |  4- 6 || total
-------------------------+-------+-------++-------
 Cast: Shock             |    68 |     8 ||    76
       Static Discharge  |     2 |     1 ||     3
Armor: Robe              |     2 |       ||     2
Dodge: Dodged            |    19 |     2 ||    21

Table legend: (Time is in decaauts)
 A = Elapsed time spent in this place.
 B = Non-inter-level travel time spent in this place.
 C = Inter-level travel time spent in this place.
 D = Time resting spent in this place.
 E = Time spent auto-exploring this place.
 F = Levels seen in this place.
 G = Mean time per level.
                   A        B        C        D        E       F      G
               +--------+--------+--------+--------+--------+-----+--------+
         Total |   2528 |   2436 |     92 |    471 |   1370 |   3 |  842.7 |
       Dungeon |   2528 |   2436 |     92 |    471 |   1370 |   3 |  842.7 |
               +--------+--------+--------+--------+--------+-----+--------+

Top non-repeatable levels by time:
     D:1: 1289 daAuts
     D:2: 950 daAuts
     D:3: 288 daAuts
